 Dungeon Crawl Stone Soup version 0.19.0-19-g8c6edcc (webtiles) character file.

241 AAAAA the Magician (level 6, -1/39 HPs)
             Began as an Octopode Warper on Nov 14, 2016.
             Slain by a worker ant (8 damage)
             ... on level 4 of the Dungeon.
             The game lasted 00:12:27 (3897 turns).

AAAAA the Magician (Octopode Warper)                Turns: 3897, Time: 00:12:28

Health: -1/39      AC:  1    Str: 10    XL:     6   Next: 8%
Magic:  8/14       EV: 13    Int: 17    God:
Gold:   258        SH:  0    Dex: 12    Spells: 3 memorised, 11 levels left

rFire  . . .     SeeInvis .     a - +0 falchion
rCold  . . .     Gourm    .     (no shield)
rNeg   . . .     Faith    .     (helmet restricted)
rPois  .         Spirit   .     (no amulet)
rElec  .         Reflect  .     (no ring)
rCorr  .         Harm     .     (no ring)
MR     .....                    (no ring)
Stlth  ++........               (no ring)
                                (no ring)
                                (no ring)
                                (no ring)
                                (no ring)

@: no status effects
A: almost no armour, stealthy swim, amphibious, 8 rings, constrict 8, camouflage
1, gelatinous body 1
a: no special abilities


You were on level 4 of the Dungeon.
You were hungry.

You visited 1 branch of the dungeon, and saw 5 of its levels.

You collected 324 gold pieces.
You spent 66 gold pieces at shops.

Inventory:

Hand Weapons
 a - a +0 falchion (weapon)
Missiles
 d - 5 tomahawks of dispersal (quivered)
 v - 2 tomahawks
 w - 19 poisoned needles
Armour
 t - a +0 buckler
Magical Staves
 o - an uncursed staff of wizardry
Scrolls
 c - a scroll of blinking
 e - 2 scrolls of magic mapping
 h - 2 scrolls of remove curse {unknown}
 i - 3 scrolls of recharging {unknown}
 l - 4 scrolls of amnesia {unknown}
 p - a scroll of teleportation
 q - a scroll of random uselessness
 u - a scroll of fear {unknown}
Potions
 k - a potion of mutation {unknown}
 m - 2 potions of cure mutation
 s - a potion of resistance {unknown}
Books
 b - a book of Spatial Translocations

   Spells                             Type                      Level
   a - Blink                          Translocation                2
   b - Shroud of Golubria             Charms/Translocation         2
   c - Lesser Beckoning               Translocation                3
   d - Portal Projectile              Translocation                3
   e - Teleport Other                 Translocation                3
   f - Passage of Golubria            Translocation                4
 n - a book of Minor Magic

   Spells                             Type                      Level
   a - Magic Dart                     Conjuration                  1
   b - Blink                          Translocation                2
   c - Call Imp                       Summoning                    2
   d - Repel Missiles                 Charms/Air                   2
   e - Slow                           Hexes                        2
   f - Conjure Flame                  Conjuration/Fire             3
   g - Mephitic Cloud                 Conjuration/Poison/Air       3
Comestibles
 f - 2 bread rations
 g - 4 fruits
 j - 3 meat rations
 r - a beef jerky


   Skills:
 - Level 2.0 Fighting
 - Level 2.0 Long Blades
 - Level 1.0 Throwing
 - Level 2.3 Dodging
 + Level 5.7 Spellcasting
 - Level 3.0 Translocations


You had 11 spell levels left.
You knew the following spells:

 Your Spells              Type           Power        Failure   Level  Hunger
a - Magic Dart            Conj           #...         17%         1    None
b - Blink                 Tloc           N/A          10%         2    #......
c - Call Imp              Summ           #.......     24%         2    #......


Dungeon Overview and Level Annotations

Branches:
Dungeon (5/15)
 Temple: D:4-7

Altars:

Shops:
D:4 }:??   D:5 ?

Annotations:
D:3 Pikel


Innate Abilities, Weirdness & Mutations

You cannot wear most types of armour.
You are very stealthy in the water. (Stealth+)
You are amphibious.
You can wear up to eight rings at the same time.
You can use your tentacles to constrict eight enemies at once.
Your skin changes colour to match your surroundings (Stealth+).
Your rubbery body absorbs attacks. (AC +1, EV +1)


Message History

Something bites your crimson imp but does no damage.
The quokka twitches its whiskers.
There is a stone staircase leading up here.
A quokka is nearby!
A quokka is nearby!
You climb upwards.
A worker ant comes into view.
The worker ant twitches its antennae in your direction.
There is a stone staircase leading down here.
A worker ant is nearby!
Casting: Call Imp
Confirm with . or Enter, or press ? or * to list all spells.
A metallic apparition takes form in the air.
Casting: Call Imp
Confirm with . or Enter, or press ? or * to list all spells.
A beastly little devil appears in a puff of flame.
Your iron imp closely misses the worker ant.
Your iron imp closely misses the worker ant.
The worker ant bites you!
You die...

##.########...##.#..#.#
#.# ###..#......## #.#
##.#..##...# #######.#
#...#####.#### #.......#
##....# #.....
#.#####.### ###..#..#
#....# #.8..∩..8.#
##5>5##...# #.....
#######...#
#.a####.#.###..... ##.##
#@## ..#.##.....# #.#
###.# ..##.##...... #.#
....# #.# #.##......
#.###.#### .. #.#...###)
#.##.. .# #.....###.
#..#.# ##.#####........
##.#.#####..........#####
#.#........####.(..#####
##.......................


You could see a worker ant, a friendly iron imp and a friendly crimson imp.

Vanquished Creatures
  2 slaves (D:4)
  A hound (D:4)
  A bullfrog skeleton (D:5)
  An iguana (D:4)
  3 worker ants (D:4)
  2 adders
  2 dart slugs
  4 orcs (D:4)
  A ball python (D:1)
  7 bats
  3 giant cockroaches
  9 goblins
  3 hobgoblins
  2 frilled lizards (D:2)
  7 kobolds
  3 rats
51 creatures vanquished.

Vanquished Creatures (collateral kills)
  A slave (D:4)
  A jelly (D:4)
  A bat (D:3)
3 creatures vanquished.

Grand Total: 54 creatures vanquished

Notes
Turn   | Place    | Note
-------+----------+-------------------------------------------
     0 | D:1      | AAAAA the Octopode Warper began the quest for the Orb.
     0 | D:1      | Reached XP level 1. HP: 14/14 MP: 3/3
   265 | D:1      | Reached XP level 2. HP: 15/19 MP: 3/5
   273 | D:1      | Learned a level 2 spell: Blink
   618 | D:1      | Reached skill level 3 in Spellcasting
   722 | D:1      | Reached XP level 3. HP: 17/24 MP: 7/7
  1308 | D:4      | Noticed a slave
  1314 | D:4      | Noticed a slave
  1610 | D:4      | Reached XP level 4. HP: 28/29 MP: 9/9
  1617 | D:4      | Learned a level 1 spell: Magic Dart
  1624 | D:4      | Learned a level 2 spell: Call Imp
  1645 | D:4      | Reached skill level 4 in Spellcasting
  1919 | D:3      | Reached XP level 5. HP: 19/34 MP: 11/11
  2216 | D:5      | Entered Level 5 of the Dungeon
  2222 | D:5      | Found Cuiladi's Magic Scroll Shop.
  2246 | D:5      | Bought a scroll of teleportation for 33 gold pieces
  2246 | D:5      | Bought a scroll of identify for 22 gold pieces
  2246 | D:5      | Bought a scroll of random uselessness for 11 gold pieces
  2270 | D:4      | Found Dovarusm's Magic Scroll Shoppe.
  2272 | D:4      | Noticed Pikel
  2272 | D:4      | Noticed a slave
  2300 | D:4      | Killed a slave
  2772 | D:2      | Reached skill level 5 in Spellcasting
  2895 | D:4      | Found Ecviblaw's Magic Scroll Emporium.
  2950 | D:4      | Noticed a slave
  3024 | D:4      | Killed a slave
  3283 | D:4      | Reached XP level 6. HP: 18/39 MP: 12/14
  3548 | D:4      | Found Riuqotul's Gadget Boutique.
  3570 | D:4      | Found Wete's Book Shop.
  3599 | D:4      | Killed a slave
  3837 | D:5      | Noticed a sky beast
  3849 | D:5      | HP: 1/39 [sky beast (6)]
  3897 | D:4      | Slain by a worker ant

Skill      XL: |  1  2  3  4  5 |
---------------+----------------+-----
Spellcasting   | 3 4 5 |  5.7
Fighting       | |  2.0
Long Blades    | |  2.0
Throwing       | |  1.0
Dodging        | |  2.3
Translocations | |  3.0

Action                   |  1- 3 |  4- 6 || total
-------------------------+-------+-------++-------
Melee: Falchion          |    57 |    62 ||   119
       Constrict         |    20 |    17 ||    37
       Tentacles         |     9 |    17 ||    26
 Cast: Call Imp          |       |    13 ||    13
       Blink             |       |     9 ||     9
       Magic Dart        |       |     2 ||     2
  Use: Scroll            |       |     2 ||     2
 Stab: Sleeping          |     4 |     4 ||     8
  Eat: Chunk             |     2 |     7 ||     9
Armor: Skin              |     8 |     7 ||    15
Dodge: Dodged            |    45 |    47 ||    92
       Rpst.: Falchion   |    17 |    14 ||    31
